AoeStats
← crtolino93

African Clearing

504434887Analyzed
4v4 RM · 27d ago on Sep 5, 2026· 28m 51s· 8 players
Game mode
Random Map
Map size
Large (8 player)
Population
200
Speed
Normal
Resources
Standard
Victory
Conquest
Starting age
Dark Age
Ending age
Imperial Age
RankedLock teamsTeams togetherTeam positionsShared explorationLock speedFull tech treeHidden civsTurbo modeCheats
Victory
Defeat
🇦🇷 Hindustanis · Argentina
1148
+14
🇧🇪 Poles · Belgium
1113
+16
🇸🇮 Ethiopians · Slovenia
1093
+17
🇬🇧 Mongols · United Kingdom
1090
+17
🇳🇱 Magyars · Netherlands
1152
-18
🇺🇸 Italians · United States
1134
-17
🇭🇰 Spanish · Hong Kong SAR China
1087
-15
🇻🇳 Teutons · Vietnam
1065
-14
LouisL'Huskarl d'élite
8:59 Loom
13:54 Feudal Age
15:07 Double-Bit Axe
15:05 Horse Collar
16:47 Town Watch
25:24 Castle Age
24:44 Scale Barding Armor
24:50 Forging
24:49 Gold Mining
26:27 Bloodlines
26:18 Husbandry
26:38 Light Cavalry
27:56 Iron Casting
crtolino93
6:10 Loom
14:59 Feudal Age
19:17 Castle Age
19:14 Wheelbarrow
25:37 Murder Holes
Vilkian
13:51 Feudal Age
13:45 Loom
14:29 Double-Bit Axe
14:54 Horse Collar
18:36 Bloodlines
23:46 Castle Age
23:00 Scale Barding Armor
24:08 Forging
25:11 Bow Saw
27:05 Wheelbarrow
seaguloftime
7:25 Loom
13:43 Feudal Age
15:02 Town Watch
17:00 Man-at-Arms
18:17 Arson
20:13 Forging
26:52 Castle Age
25:46 Scale Mail Armor
25:38 Horse Collar
26:14 Fletching
27:08 Scale Barding Armor
28:08 Thumb Ring
28:12 Squires
28:47 Bodkin Arrow
abbnn
4:40 Loom
15:58 Feudal Age
17:42 Wheelbarrow
16:54 Double-Bit Axe
dongquangthang
3:38 Loom
13:12 Feudal Age
13:41 Double-Bit Axe
17:56 Bloodlines
20:39 Castle Age
20:16 Gold Mining
20:18 Stone Mining
20:17 Horse Collar
21:31 Forging
24:02 Town Watch
sinned1988
2:50 Loom
3:40 Loom
14:32 Feudal Age
15:03 Horse Collar
15:11 Double-Bit Axe
16:55 Scale Barding Armor
24:41 Castle Age
23:50 Gold Mining
23:51 Stone Mining
24:54 Pikeman
Onager try again
4:50 Loom
15:28 Feudal Age
21:38 Castle Age
21:03 Fletching
21:10 Double-Bit Axe
23:28 Horse Collar
26:44 Bodkin Arrow
26:50 Padded Archer Armor
Connection lost

Rejoining the realm…

Still unreachable

The connection could not be restored.

Session expired

The server has moved on; the page needs a fresh start.